Map: Terraform LE (Void)

Players

Graphix

  • Race: Zerg Zerg
  • League: Master

Chris - Winner!

  • Race: Protoss Protoss
  • League: Diamond

VOD

Have the link to the VOD?

Description

Time

  • Played on: Oct. 17, 2015, 2:08 a.m.
  • Length: 16:43
Show
View Real Time Build Order
Export as new Build Order

Graphix Zerg 

Build Orders: Pool First, Lurkers 

Get SALT Encoding   

  12  0:01  Drone  
  13  0:08  Drone  
  13  0:12  Extractor  
  13  0:15  Drone  
  14  0:33  Spawning Pool  
  14  0:35  Drone  
  14  0:45  Overlord  
  14  0:51  Extractor  
  14  0:53  Drone  
  15  1:09  Drone  
  16  1:19  Metabolic Boost, Queen  
  16  1:23  Zergling x2  
  19  1:27  Zergling x2  
  19  1:30  Zergling x2  
  21  1:35  Zergling x2  
  22  1:56  Hatchery  
  22  2:00  Overlord  
  21  2:08  Zergling x2  
  22  2:34  Zergling x10  
  27  2:45  Drone  
  28  2:56  Drone  
  28  3:03  Drone  
  28  3:05  Overlord  
  29  3:08  Drone  
  29  3:09  Drone  
  29  3:10  Drone  
  32  3:17  Queen  
  32  3:19  Drone  
  35  3:25  Drone  
  35  3:34  Drone  
  35  3:35  Drone  
  37  3:41  Drone  
  37  3:42  Drone  
  38  3:54  Hatchery  
  31  4:06  Drone x3  
  31  4:07  Drone x2  
  31  4:09  Queen  
  38  4:21  Overlord  
  38  4:22  Roach Warren  
  38  4:23  Overlord  
  37  4:35  Extractor  
  37  4:37  Overlord x2  
  35  4:39  Drone x2, Zergling x2  
  35  4:40  Zergling x2  
  35  4:42  Drone x4  
  43  5:02  Roach x4  
  43  5:07  Roach  
  52  5:08  Roach  
  54  5:16  Roach  
  54  5:17  Roach  
  54  5:19  Drone x3  
  54  5:20  Drone x3  
  64  5:22  Extractor  
  62  5:43  Hatchery  
  62  5:46  Lair  
  62  5:48  Drone x6  
  62  5:49  Drone, Extractor  
  67  5:54  Overlord  
  67  5:59  Overlord x2  
  67  6:12  Overlord  
  67  6:17  Ravager x3  
  67  6:18  Ravager  
  71  6:20  Drone x4  
  71  6:23  Drone, Ravager  
  77  6:32  Roach x2  
  81  7:00  Roach x5  
  81  7:01  Roach x3  
  97  7:07  Overlord, Ravager  
  85  7:24  Zergling x12  
  85  7:33  Glial Reconstitution  
  85  7:34  Overseer x2  
  82  7:42  Roach x8  
  82  7:43  Overseer  
  96  7:49  Ravager x2  
  96  7:50  Drone  
  96  7:51  Drone  
  100  7:54  Drone  
  100  7:57  Hatchery, Drone  
  100  7:58  Evolution Chamber  
  100  8:00  Drone  
  100  8:04  Drone x4  
  105  8:10  Overlord x5  
  105  8:15  Overseer  
  105  8:16  Overseer  
  105  8:24  Overlord x2  
  94  8:51  Roach x11  
  115  8:56  Zerg Missile Weapons Level 1  
  112  9:07  Queen  
  114  9:10  Extractor  
  114  9:11  Extractor  
  114  9:14  Ravager  
  114  9:15  Ravager x2  
  115  9:22  Drone x2  
  115  9:23  Drone x5  
  122  9:27  Ravager x3, Hydralisk Den  
  122  9:28  Zergling x2  
  122  9:29  Zergling x12  
  122  9:30  Queen  
  133  9:35  Overseer  
  133  9:36  Overseer  
  132  9:42  Drone  
  133  10:00  Roach x5  
  133  10:01  Roach x8  
  133  10:02  Overlord x5  
  133  10:05  Spine Crawler  
  158  10:07  Spine Crawler x2  
  156  10:26  Lurker Den  
  156  10:47  Hydralisk  
  156  10:48  Roach  
  156  10:49  Roach x17  
  184  11:20  Zerg Missile Weapons Level 2  
  184  11:23  Evolution Chamber  
  183  11:42  Hatchery  
  141  12:07  Hydralisk x3  
  141  12:08  Hydralisk x2, Roach  
  126  12:09  Roach x13  
  149  12:21  Ravager  
  149  12:22  Spine Crawler, Overseer x2  
  149  12:23  Queen  
  149  12:24  Spine Crawler  
  150  12:30  Lurker  
  150  12:31  Hydralisk x3  
  150  12:32  Hydralisk x5  
  167  12:40  Lurker  
  167  12:41  Lurker  
  167  12:43  Lurker x2  
  163  13:30  Hydralisk x14  
  182  13:36  Zerg Ground Armor Level 1  
  182  13:38  Ravager  
  182  13:41  Overlord  
  183  13:53  Ravager x2  
  183  13:54  Ravager, Zergling x2  
  183  13:55  Zergling x8  
  191  13:58  Overlord x4  
  191  14:02  Overseer  
  176  14:39  Hatchery  
  149  14:49  Hydralisk  
  149  14:50  Hydralisk x8  
  126  14:53  Zergling x2  
Show
View Real Time Build Order
Export as new Build Order

Chris Protoss - Winner!

Build Orders: 1 Gate Expand 

Get SALT Encoding   

  12  0:01  Probe (Chrono Boost)  
  13  0:12  Probe (Chrono Boost)  
  14  0:18  Pylon  
  14  0:22  Probe (Chrono Boost)  
  15  0:36  Probe (Chrono Boost)  
  15  0:39  Gateway  
  16  0:47  Probe (Chrono Boost)  
  17  0:57  Probe (Chrono Boost)  
  18  1:13  Nexus  
  18  1:22  Assimilator  
  18  1:26  Zealot (Chrono Boost)  
  18  1:32  Cybernetics Core  
  20  1:35  Pylon  
  20  1:36  Probe  
  20  1:37  Assimilator  
  21  1:50  Pylon, Zealot (Chrono Boost)  
  21  1:53  Probe  
  24  2:11  Gateway  
  24  2:12  Gateway  
  24  2:18  Mothership Core (Chrono Boost)  
  26  2:31  Warp Gate (Chrono Boost)  
  26  2:37  Probe  
  27  2:44  Stalker  
  27  2:49  Probe  
  30  2:55  Pylon  
  29  3:01  Probe  
  29  3:03  Pylon  
  30  3:08  Sentry  
  32  3:14  Probe  
  33  3:32  Probe  
  33  3:40  Nexus  
  33  3:43  Sentry  
  33  3:44  Probe  
  36  3:49  Nexus  
  36  3:57  Probe  
  37  4:09  Probe (Chrono Boost)  
  38  4:16  Pylon  
  38  4:20  Probe (Chrono Boost)  
  39  4:24  Sentry  
  39  4:25  Stalker  
  39  4:29  Stalker  
  39  4:31  Probe (Chrono Boost)  
  46  4:41  Probe (Chrono Boost)  
  47  4:51  Adept  
  47  4:52  Probe (Chrono Boost), Gateway  
  50  4:54  Adept  
  52  5:04  Probe (Chrono Boost)  
  53  5:08  Forge  
  53  5:16  Zealot  
  55  5:22  Probe (Chrono Boost)  
  56  5:30  Probe (Chrono Boost)  
  56  5:33  Probe (Chrono Boost), Robotics Facility  
  58  5:35  Protoss Ground Weapons Level 1 (Chrono Boost)  
  58  5:39  Probe (Chrono Boost)  
  55  5:43  Probe (Chrono Boost)  
  55  5:49  Probe  
  52  5:55  Probe (Chrono Boost)  
  54  5:58  Gateway  
  54  6:00  Probe (Chrono Boost)  
  54  6:03  Twilight Council  
  55  6:05  Pylon  
  55  6:07  Probe (Chrono Boost)  
  56  6:12  Probe (Chrono Boost)  
  56  6:18  Probe (Chrono Boost)  
  58  6:22  Probe (Chrono Boost)  
  58  6:23  Gateway, Observer (Chrono Boost)  
  58  6:24  Photon Cannon  
  60  6:26  Pylon  
  60  6:29  Probe  
  60  6:31  Robotics Bay, Assimilator  
  61  6:33  Assimilator  
  61  6:34  Probe  
  62  6:41  Probe  
  62  6:44  Stalker  
  62  6:45  Stalker x2  
  69  6:54  Immortal (Chrono Boost)  
  71  6:56  Probe  
  71  6:57  Probe  
  73  7:06  Adept  
  75  7:11  Gateway x2  
  73  7:16  Protoss Ground Weapons Level 2  
  73  7:17  Probe  
  73  7:18  Adept x2  
  72  7:25  Probe  
  71  7:33  Disruptor (Chrono Boost)  
  71  7:36  Pylon  
  74  7:38  Probe  
  75  7:44  Gateway  
  75  7:47  Gateway  
  75  7:50  Probe  
  76  7:55  Photon Cannon  
  76  7:59  Pylon  
  76  8:04  Disruptor (Chrono Boost), Dark Shrine  
  79  8:11  Stalker x2  
  79  8:12  Stalker  
  85  8:35  Stalker  
  85  8:40  Probe  
  87  8:46  Probe  
  88  8:49  Stalker  
  88  8:50  Stalker x5  
  100  8:55  Probe  
  99  9:04  Blink (Chrono Boost)  
  99  9:05  Stalker x2  
  101  9:16  Probe  
  102  9:19  Disruptor (Chrono Boost)  
  105  9:25  Probe  
  105  9:28  Pylon  
  105  9:34  Probe  
  105  9:37  Probe  
  107  9:44  Nexus  
  107  9:46  Protoss Ground Weapons Level 3 (Chrono Boost), Probe  
  107  9:47  Pylon  
  107  9:49  Probe  
  107  9:51  Zealot  
  111  9:59  Probe  
  112  10:03  Probe  
  112  10:05  Disruptor  
  113  10:07  Photon Cannon  
  113  10:09  Photon Cannon  
  113  10:11  Photon Cannon  
  116  10:27  Stalker x2  
  116  10:28  Stalker  
  122  10:33  Probe  
  123  10:41  Zealot  
  125  10:44  Nexus  
  125  10:45  Probe  
  125  10:49  Zealot  
  126  10:51  Disruptor  
  126  10:55  Pylon  
  125  10:57  Probe  
  125  10:58  Pylon  
  126  11:11  Pylon x2  
  126  11:13  Probe  
  126  11:15  Dark Templar  
  126  11:16  Dark Templar  
  131  11:19  Dark Templar  
  131  11:21  Dark Templar  
  135  11:26  Stalker  
  135  11:27  Disruptor  
  135  11:29  Probe  
  141  11:35  Probe  
  141  11:37  Stalker  
  144  11:45  Probe  
  145  11:48  Probe  
  145  11:52  Stalker  
  135  11:57  Probe  
  135  11:58  Disruptor  
  135  11:59  Dark Templar  
  133  12:06  Probe  
  137  12:09  Probe  
  136  12:17  Stalker x2  
  136  12:18  Probe  
  140  12:22  Probe  
  140  12:28  Assimilator  
  140  12:29  Warp Prism  
  140  12:31  Probe, Assimilator  
  140  12:36  Probe  
  144  12:37  Dark Templar  
  144  12:40  Dark Templar  
  144  12:43  Probe  
  149  12:48  Probe  
  149  12:50  Dark Templar  
  152  12:55  Probe, Dark Templar  
  155  13:08  Stalker x2  
  155  13:09  Stalker  
  159  13:19  Probe  
  159  13:27  Probe  
  159  13:33  Probe  
  157  13:35  Stalker x2  
  157  13:36  Stalker x5  
  171  13:43  Observer  
  171  13:44  Archon  
  166  13:55  Nexus  
  166  13:58  Dark Templar  
  166  13:59  Pylon  
  168  14:06  Protoss Ground Armor Level 1 (Chrono Boost)  
  166  14:11  Dark Templar  
  168  14:17  Photon Cannon  
  168  14:19  Pylon  
  168  14:23  Probe  
  169  14:27  Probe  
  166  14:33  Stalker x3  
  156  14:53  Probe  
  156  14:55  Stalker, Disruptor  
  156  14:56  Stalker x4  
  160  15:07  Probe  
  159  15:14  Stalker x3  
  159  15:17  Probe  
  160  15:21  Probe  
  160  15:28  Disruptor  
  162  15:40  Probe  
  162  15:41  Stalker x4  
  169  16:20  Stalker x2  
  169  16:21  Stalker x6  
  185  16:28  Probe  
Tags
 
Add a new tag
Caveats
  • Supply blocks, unpowered buildings, or Contaminate may cause inaccurate times.
  • Supply counts are checked every 10 seconds.